 Dungeon Crawl Stone Soup version 0.21-a0-278-ga722497 (webtiles) character file.

93 prokat the Vexing (level 4, 0/25 HPs)
             Began as a Kobold Arcane Marksman on Sept 22, 2017.
             Was an Initiate of Makhleb.
             Killed from afar by an orc wizard (8 damage)
             ... with a magic dart
             ... on level 4 of the Dungeon.
             The game lasted 00:20:37 (3050 turns).

prokat the Vexing (Kobold Arcane Marksman)          Turns: 3050, Time: 00:20:40

Health: 0/25       AC:  5    Str:  7    XL:     4   Next: 91%
Magic:  6/6        EV: 16    Int: 14    God:    Makhleb [......]
Gold:   121        SH:  0    Dex: 16    Spells: 2/6 levels left

rFire    . . .     SeeInvis .   b - +0 short sword
rCold    . . .     Gourm    .   (shield restricted)
rNeg     + . .     Faith    .   v - +0 robe
rPois    .         Spirit   .   k - +2 hat {MR+}
rElec    .         Reflect  .   (no cloak)
rCorr    .         Harm     .   (no gloves)
MR       +....                  h - +0 pair of boots
Stlth    ++........             (no amulet)
HPRegen  0.08/turn              n - ring of stealth
MPRegen  0.10/turn              w - ring of positive energy

@: no status effects
A: carnivore 3
a: Renounce Religion


You were on level 4 of the Dungeon.
You worshipped Makhleb.
Makhleb was noncommittal.
You were very full.

You visited 1 branch of the dungeon, and saw 4 of its levels.

You collected 121 gold pieces.

Inventory:

Hand Weapons
 a - a +0 hand crossbow
 b - a +0 short sword (weapon)
Missiles
 s - 7 tomahawks (quivered)
 u - 36 poisoned needles
Armour
 h - a +0 pair of boots (worn)
 k - a +2 hat of magic resistance (worn)
 v - a +0 robe (worn)
Jewellery
 e - an uncursed ring of ice
 n - a ring of stealth (left hand)
 w - a ring of positive energy (right hand)
Wands
 l - a wand of flame (26/48)
 t - a wand of confusion (34/48)
Scrolls
 g - a scroll of immolation {unknown}
 i - 3 scrolls of amnesia {unknown}
 j - a scroll of blinking {unknown}
 m - 2 scrolls of enchant weapon {unknown}
 o - 2 scrolls of identify {unknown}
 q - a scroll of fear {unknown}
 r - a scroll of magic mapping
 x - a scroll of fog {unknown}
Potions
 p - a potion of curing {unknown}
 z - 2 potions of flight {unknown}
 A - a potion of resistance {unknown}
Books
 c - a book of Debilitation

   Spells                             Type                      Level
   a - Corona                         Hexes                        1
   b - Slow                           Hexes                        2
   c - Inner Flame                    Hexes/Fire                   3
   d - Portal Projectile              Hexes/Translocation          3
   e - Cause Fear                     Hexes                        4
   f - Leda's Liquefaction            Hexes/Earth                  4
Comestibles
 f - 3 meat rations


   Skills:
 + Level 1.4 Fighting
 + Level 1.5 Short Blades
 + Level 3.4 Crossbows
 + Level 3.2 Dodging
 + Level 1.5 Spellcasting
 + Level 3.8 Hexes


You had 2 spell levels left.
You knew the following spells:

 Your Spells              Type           Power        Failure   Level  Hunger
a - Corona                Hex            ##.....      5%          1    ##.....
b - Inner Flame           Hex/Fire       #.......     34%         3    ####...


Dungeon Overview and Level Annotations

Branches:
Dungeon (4/15)
 Temple: D:4-7

Altars:
Elyvilon
Fedhas
Makhleb
Trog
Yredelemnul

Annotations:
D:3 exclusion: oklob plant


Innate Abilities, Weirdness & Mutations

You are small and have problems with some larger weapons.
You are carnivorous and can eat meat at any time.


Message History

The howler monkey hoots and howls with incredible vigour!
The orc wizard casts a spell at you. The magic dart hits you!
You hear an angry hiss. x2; You hear a shout!
You barely miss the howler monkey.
The howler monkey is heavily wounded.
The howler monkey completely misses you.
The orc wizard points at you and mumbles some strange words.
The magic dart hits you!
The howler monkey hits you but does no damage.
You hit the orc wizard.
The orc wizard is lightly wounded.
The orc wizard hits you with a dagger. The howler monkey barely misses you.
You hit the orc wizard but do no damage.
The orc wizard is lightly wounded.
The orc wizard barely misses you. The howler monkey barely misses you.
The orc misses you.
The orc wizard points at you and mumbles some strange words.
The magic dart hits you!
You die...

#......'...#......
#......#...#......
#......#...#......
#......#...#......
#######......#..##......
..........####..####'###
..........+....>........
..........#.............
.......@o.#.............
......[oho#####+##....##
####.....(.# ######
#......(# ...........
....###≈###.. ##... ≈#
... ..## ≈# #(


You could see a howler monkey, an orc wizard and 2 orcs.

Vanquished Creatures
  3 adders
  A worm (D:2)
  3 leopard geckos
  6 orcs
  4 bats
  3 giant cockroaches
  6 goblins
  3 hobgoblins
  6 jackals (D:1)
  2 quokkas
  A ball python (D:3)
  3 frilled lizards
  5 kobolds
  5 rats
51 creatures vanquished.

Notes
Turn   | Place    | Note
-------+----------+-------------------------------------------
     0 | D:1      | prokat the Kobold Arcane Marksman began the quest for the Orb.
     0 | D:1      | Reached XP level 1. HP: 12/12 MP: 2/2
   172 | D:1      | Reached XP level 2. HP: 6/16 MP: 3/3
  1081 | D:1      | Reached XP level 3. HP: 19/20 MP: 4/4
  1239 | D:2      | Learned a level 3 spell: Inner Flame
  1433 | D:2      | Reached skill level 1 in Short Blades
  1595 | D:2      | Found a burning altar of Makhleb.
  1612 | D:2      | Became a worshipper of Makhleb the Destroyer
  1737 | D:2      | Reached XP level 4. HP: 18/25 MP: 5/5
  2057 | D:3      | Found a bloodstained altar of Trog.
  2263 | D:3      | Found a blossoming altar of Fedhas.
  2274 | D:3      | Noticed an oklob plant
  2365 | D:3      | Found a white marble altar of Elyvilon.
  2635 | D:3      | Found a basalt altar of Yredelemnul.
  3050 | D:4      | Killed from afar by an orc wizard

Vault maps used:
D:1:      eino_arrival_cavern_b
D:2:      first_bread, bloody_makhleb
D:3:      tgw_fedhas, kennysheep_ying_yang, lightli_temple_of_fire
D:4:      cheibriados_altar_1, grunt_decor_cap

Skill      XL: |  1  2  3 |
---------------+----------+-----
Short Blades   | 1 |  1.5
Crossbows      | 3 |  3.4
Dodging        | 3 |  3.2
Fighting       | |  1.4
Spellcasting   | |  1.5
Hexes          | |  3.8

Action                   |  1- 3 |  4- 6 || total
-------------------------+-------+-------++-------
Melee: Short sword       |    50 |     8 ||    58
 Fire: Hand crossbow     |    46 |    38 ||    84
Throw: Tomahawk          |     4 |     2 ||     6
 Cast: Corona            |     5 |    16 ||    21
       Inner Flame       |     1 |       ||     1
  Use: Scroll            |     3 |     1 ||     4
 Stab: Sleeping          |     1 |       ||     1
  Eat: Chunk             |    11 |     4 ||    15
Armor: Robe              |    12 |     5 ||    17
Dodge: Dodged            |    50 |    11 ||    61

Table legend:
 A = Spawn XP
 B = Non-spawn XP
 C = Spawn XP percentage of total XP
 D = Spawn monster count
 E = Non-spawn monster count
 F = Spawn count percentage of total count
 G = Total turns spent on level
                    A         B        C        D         E        F      G
               +---------+---------+-------+---------+---------+-------+---------
         Total |       0 |     133 |   0.0 |       0 |      51 |   0.0 |  3050
               +---------+---------+-------+---------+---------+-------+---------
           D:1 |       0 |      29 |   0.0 |       0 |      18 |   0.0 |  1214
           D:2 |       0 |      50 |   0.0 |       0 |      13 |   0.0 |   785
           D:3 |       0 |      51 |   0.0 |       0 |      19 |   0.0 |   956
           D:4 |       0 |       3 |   0.0 |       0 |       1 |   0.0 |    95
               +---------+---------+-------+---------+---------+-------+---------
